 Dungeon Crawl Stone Soup version 0.32-a0-705-g60f233581c (webtiles) character file.

Game seed: 2911254052278809058

9 BeKind the Shield-Bearer (level 2, 0/21 HPs)
             Began as an Octopode Fighter on Mar 14, 2024.
             Slain by a frilled lizard (2 damage)
             ... on level 1 of the Dungeon.
             The game lasted 00:00:15 (122 turns).

BeKind the Shield-Bearer (Octopode Fighter)          Turns: 122, Time: 00:00:15

Health: 0/21       AC:  1    Str: 15    XL:     2   Next: 16%
Magic:  2/2        EV: 12    Int: 10    God:
Gold:   45         SH:  4    Dex: 11    Spells: 1/1 levels left

rFire   . . .        a - +0 trident
rCold   . . .        b - +0 buckler
rNeg    . . .        (helmet restricted)
rPois   .            (no amulet)
rElec   .            (no ring)
rCorr   .            (no ring)
SInv    .            (no ring)
Will    .....        (no ring)
Stlth   ++           (no ring)
HPRegen 0.23/turn    (no ring)
MPRegen 0.08/turn    (no ring)
                     (no ring)

%: no passive effects
@: no status effects
A: almost no armour, amphibious, 8 rings, camouflage 1, gelatinous body 1,
(nimble swimmer 1), tentacles
a: no special abilities


You were on level 1 of the Dungeon.
You visited 1 branch of the dungeon, and saw 1 of its levels.

You collected 45 gold pieces.

Inventory:

Hand Weapons
 a - a +0 trident (weapon)
Armour
 b - a +0 buckler (worn)
Scrolls
 d - 2 scrolls of teleportation {unknown}
Potions
 c - a potion of might
 e - 2 potions of heal wounds {unknown}
 f - a potion of curing {unknown}


   Skills:
 + Level 3.1 Fighting
 + Level 2.2 Polearms
 + Level 3.1 Dodging
 + Level 3.1 Shields


You had one spell level left.
You didn't know any spells.
Your spell library contained the following spells:

 Spells                   Type           Power      Damage    Failure   Level
 Necrotise                Necr           0%         1d4       45%         1
 Vampiric Draining        Necr           0%         2d6       83%         3
 Martyr's Knell           Necr/Summ      0%         N/A       99%         4
 Curse of Agony           Necr           0%         N/A       100%        5


Dungeon Overview and Level Annotations

Branches:
Dungeon (1/15)

Altars:


Innate Abilities, Weirdness & Mutations

You cannot wear most types of armour.
You are amphibious.
You can wear up to eight rings at the same time.
Your skin changes colour to match your surroundings (Stealth+).
Your rubbery body absorbs attacks. (AC +1, EV +1)
((You are camouflaged when in or above water. (Stealth+)))
You have tentacles for arms and can constrict up to eight enemies at once.


Message History

There are monsters nearby!
You miss the frilled lizard. Your grab misses the frilled lizard.
Your squeeze misses the frilled lizard. You block the frilled lizard's attack.
The frilled lizard misses you. The frilled lizard barely misses you.
The frilled lizard unfolds its giant frill.
You hit the frilled lizard.
You kill the frilled lizard!
The frilled lizard closely misses you. You block the frilled lizard's attack.
The frilled lizard bites you.
You closely miss the ball python. You grab the ball python.
You constrict the ball python. The ball python completely misses you.
The ball python grabs you. The ball python constricts you.
The ball python bites you. The ball python constricts you.
The frilled lizard bites you.
* * * LOW HITPOINT WARNING * * *
The frilled lizard bites you.
* * * LOW HITPOINT WARNING * * *
The frilled lizard bites you.
* * * LOW HITPOINT WARNING * * *
The frilled lizard completely misses you.
The ball python's grasp on you weakens, but your attempt to escape fails.
You constrict the ball python.
You kill the ball python!
You block the frilled lizard's attack. The frilled lizard closely misses you.
The frilled lizard bites you.
* * * LOW HITPOINT WARNING * * *
The frilled lizard unfolds its giant frill.
The frilled lizard closely misses you.
The frilled lizard attacks as it pursues you!
The frilled lizard closely misses you. The frilled lizard misses you.
The frilled lizard attacks as it pursues you!
The frilled lizard bites you.
* * * LOW HITPOINT WARNING * * *
Reach: a) +0 trident
Press: ? - help, Dir - move target, f - frilled lizard
Aim: a frilled lizard (about 65% to evade your +0 trident)
You barely miss the frilled lizard. Your grab misses the frilled lizard.
Your squeeze misses the frilled lizard. The frilled lizard bites you.
You die...

........................
#...####....†.####....#
#...## #........##....#
+...l###........##....#
#..l.l##........##....###
#.†.#.l.........##.......
......ll###.l###....##.....#
.......l# ##l# #....##.....#
....r...# #@# #...........#
.~~.....# #.###.....[..†..##
~~~~....# #....###..........
~~~~.#### ####...#.......###
~~~~. ###............
########.........##
...................
...######........##
#..........


You could see 5 frilled lizards.

Vanquished Creatures
  A dart slug (D:1)
  A ball python (D:1)
  2 bats (D:1)
  A hobgoblin (D:1)
  2 frilled lizards (D:1)
  A rat (D:1)
8 creatures vanquished.

Notes
Turn   | Place    | Note
-------+----------+-------------------------------------------
     0 | D:1      | BeKind the Octopode Fighter began the quest for the Orb.
     0 | D:1      | Reached XP level 1. HP: 16/16 MP: 1/1
    94 | D:1      | Reached XP level 2. HP: 21/21 MP: 2/2
   115 | D:1      | HP: 1/21 [frilled lizard (2)]
   120 | D:1      | HP: 1/21 [frilled lizard (1)]
   122 | D:1      | Slain by a frilled lizard

Illustrated notes

Levels and vault maps discovered:
D:1:      minmay_arrival_four_circles, layout_basic, minmay_lizard_pond

Action                     || total
---------------------------++-------
  Melee: Trident           ||    16
         Constrict         ||     4
   Stab: Sleeping          ||     3
 Armour: Skin              ||    15
  Dodge: Dodged            ||    14
  Block: Buckler           ||     3

Table legend: (Time is in decaauts)
 A = Elapsed time spent in this place.
 B = Non-inter-level travel time spent in this place.
 C = Inter-level travel time spent in this place.
 D = Time resting spent in this place.
 E = Time spent auto-exploring this place.
 F = Levels seen in this place.
 G = Mean time per level.
                   A        B        C        D        E       F      G
               +--------+--------+--------+--------+--------+-----+--------+
         Total |    125 |    125 |      0 |      0 |     72 |   1 |  125.0 |
       Dungeon |    125 |    125 |      0 |      0 |     72 |   1 |  125.0 |
               +--------+--------+--------+--------+--------+-----+--------+

Top non-repeatable levels by time:
     D:1: 125 daAuts
